TOP OF THE 1ST |
New Orleans Zephyrs batting - Pitching for Colorado Springs Sky Sox : LHP Marc Eismann
|
Pitching: LHP Marc Eismann
|
|
Batting: LHB David Doge
|
0-0: Fly out, F9 (Flyball, 9, EV 90.6 MPH)
|
Batting: RHB Rick Fell
|
0-0: Ball 1-0: Ball 2-0: Ball 3-0: Called Strike 3-1: Swinging Strike 3-2: Base on Balls
|
Batting: RHB Manuel Taveras
|
0-0: Ball 1-0: Foul Ball, location: 2F 1-1: Called Strike 1-2: Ball 2-2: Strikes out looking
|
Batting: RHB Adam McGurn
|
0-0: Ball 1-0: Fly out, F7 (Flyball, 7LS, EV 93.1 MPH)
|
Top of the 1st over - 0 runs, 0 hits, 0 errors, 1 left on base; New Orleans 0 - Colorado Springs 0 |
BOTTOM OF THE 1ST |
Colorado Springs Sky Sox batting - Pitching for New Orleans Zephyrs : RHP Mike Powell
|
Pitching: RHP Mike Powell
|
|
Batting: LHB Steve Gilliam
|
0-0: Ball 1-0: Swinging Strike 1-1: Ball 2-1: Foul Ball, location: 2F 2-2: Ball 3-2: Foul Ball, location: 2F 3-2: Foul Ball, location: 2F 3-2: Fly out, F5 (Popup, 5SF, EV 80.6 MPH)
|
Batting: LHB Greg Valenzuela
|
0-0: Ball 1-0: Called Strike 1-1: Foul Ball, location: 2F 1-2: Fly out, F9 (Flyball, 89D, EV 93.8 MPH)
|
Batting: SHB Bobby Santor
|
0-0: Ball 1-0: Ball 2-0: Ball 3-0: Base on Balls
|
Batting: LHB Michael Krott
|
0-0: Ball Bobby Santor is caught stealing 2nd base 2-6
|
Bottom of the 1st over - 0 runs, 0 hits, 0 errors, 0 left on base; New Orleans 0 - Colorado Springs 0 |
TOP OF THE 2ND |
New Orleans Zephyrs batting - Pitching for Colorado Springs Sky Sox : LHP Marc Eismann
|
Batting: RHB Jack Power
|
0-0: Called Strike 0-1: Ground out 6-3 (Groundball, 6, EV 106.9 MPH)
|
Batting: SHB Jordan Barragan
|
0-0: Called Strike 0-1: Called Strike 0-2: Foul Ball, location: 2F 0-2: Ball 1-2: Foul Ball, location: 2F 1-2: Foul Ball, location: 2F 1-2: Ball 2-2: Foul Ball, location: 2F 2-2: Foul Ball, location: 2F 2-2: Foul Ball, location: 2F 2-2: Fly out, F7 (Flyball, 7LD, EV 98.1 MPH)
|
Batting: RHB Isaiah Brockman
|
0-0: Fly out, F8 (Flyball, 8LM, EV 82.5 MPH)
|
Top of the 2nd over - 0 runs, 0 hits, 0 errors, 0 left on base; New Orleans 0 - Colorado Springs 0 |
BOTTOM OF THE 2ND |
Colorado Springs Sky Sox batting - Pitching for New Orleans Zephyrs : RHP Mike Powell
|
Batting: LHB Michael Krott
|
0-0: Called Strike 0-1: Foul Ball, location: 2F 0-2: Strikes out looking
|
Batting: RHB Kevin Tangeman
|
0-0: Called Strike 0-1: Foul Ball, location: 2F 0-2: DOUBLE (Line Drive, 89XD, EV 102.5 MPH)
|
Batting: RHB Mike McElroy
|
0-0: Called Strike 0-1: Ball 1-1: Foul Ball, location: 2F 1-2: Strikes out swinging
|
Batting: SHB Jamie Mims
|
0-0: Ball 1-0: Swinging Strike 1-1: SINGLE (Line Drive, 3D, EV 96.2 MPH) Kevin Tangeman to third Runner from 3rd tries for Home, SAFE, throw by RF to home
|
Batting: RHB Eduardo Camacho
|
0-0: Ball 1-0: Foul Ball, location: 2F 1-1: Ball Jamie Mims steals 2nd base 2-1: Ball 3-1: Foul Ball, location: 2F 3-2: Foul Ball, location: 2F 3-2: Base on Balls
|
Batting: RHB John Stevenson
|
0-0: Ball 1-0: Called Strike 1-1: Fielders Choice at 2nd, U4 (Groundball, 4M, EV 85.6 MPH)
|
Bottom of the 2nd over - 1 run, 2 hits, 0 errors, 2 left on base; New Orleans 0 - Colorado Springs 1 |
TOP OF THE 3RD |
New Orleans Zephyrs batting - Pitching for Colorado Springs Sky Sox : LHP Marc Eismann
|
Batting: RHB Torquato Obawole
|
0-0: Called Strike 0-1: SINGLE (Groundball, 6D, EV 96.9 MPH)
|
Batting: RHB Masumitsu Sugiura
|
0-0: Ball Torquato Obawole steals 2nd base 1-0: Fly out, F8 (Flyball, 8LS, EV 96.9 MPH)
|
Batting: LHB David Doge
|
0-0: Ball 1-0: Ground out 1-3 (Groundball, 15S, EV 71.2 MPH)
|
Batting: RHB Rick Fell
|
0-0: Ball 1-0: Ball 2-0: Fly out, F8 (Flyball, 8RM, EV 81.2 MPH)
|
Top of the 3rd over - 0 runs, 1 hit, 0 errors, 1 left on base; New Orleans 0 - Colorado Springs 1 |
BOTTOM OF THE 3RD |
Colorado Springs Sky Sox batting - Pitching for New Orleans Zephyrs : RHP Mike Powell
|
Batting: LHB Steve Gilliam
|
0-0: Foul Ball, location: 2F 0-1: Reached on error, E6 (Groundball, 6M, EV 105.0 MPH)
|
Batting: LHB Greg Valenzuela
|
0-0: Called Strike 0-1: Ball 1-1: SINGLE (Groundball, 4MD, EV 93.8 MPH) Steve Gilliam to third
|
Batting: SHB Bobby Santor
|
0-0: Called Strike Greg Valenzuela steals 2nd, throwing error, E2 Steve Gilliam scores Greg Valenzuela to third 0-1: Ball 1-1: Called Strike 1-2: Ground out 5-3 (Groundball, 56, EV 90.0 MPH) Greg Valenzuela scores
|
Batting: LHB Michael Krott
|
0-0: DOUBLE (Line Drive, 89D, EV 105.0 MPH)
|
Batting: RHB Kevin Tangeman
|
0-0: Ball 1-0: Called Strike 1-1: Called Strike 1-2: Ball 2-2: SINGLE (Flyball, 34D, EV 95.6 MPH) Michael Krott to third Runner from 3rd tries for Home, throw by RF and OUT! 9-2 Kevin Tangeman to second
|
Batting: RHB Mike McElroy
|
0-0: Swinging Strike 0-1: Foul Ball, location: 2F 0-2: Foul Ball, location: 2F 0-2: Ball 1-2: Ball 2-2: Ball 3-2: Foul Ball, location: 2F 3-2: Fly out, F8 (Flyball, 8RS, EV 88.1 MPH)
|
Bottom of the 3rd over - 2 runs, 3 hits, 2 errors, 1 left on base; New Orleans 0 - Colorado Springs 3 |
TOP OF THE 4TH |
New Orleans Zephyrs batting - Pitching for Colorado Springs Sky Sox : LHP Marc Eismann
|
Batting: RHB Manuel Taveras
|
0-0: Foul Ball, location: 2F 0-1: Fly out, F7 (Flyball, 7D, EV 93.8 MPH)
|
Batting: RHB Adam McGurn
|
0-0: Ball 1-0: Ball 2-0: Ball 3-0: Called Strike 3-1: Foul Ball, location: 2F 3-2: Fly out, F8 (Flyball, 89M, EV 82.5 MPH)
|
Batting: RHB Jack Power
|
0-0: Ball 1-0: Foul Ball, location: 2F 1-1: Ball 2-1: SINGLE (Groundball, 6MD, EV 106.9 MPH)
|
Batting: SHB Jordan Barragan
|
0-0: Called Strike 0-1: SINGLE (Line Drive, 6MD, EV 96.2 MPH) Jack Power to second Runner from 2nd tries for 3rd, SAFE, throw by CF made to third
|
Batting: RHB Isaiah Brockman
|
0-0: Called Strike 0-1: Ball 1-1: Ball 2-1: Swinging Strike 2-2: Foul Ball, location: 2F 2-2: Fielders Choice at 2nd, 6-4 (Groundball, 6, EV 84.4 MPH)
|
Top of the 4th over - 0 runs, 2 hits, 0 errors, 2 left on base; New Orleans 0 - Colorado Springs 3 |
BOTTOM OF THE 4TH |
Colorado Springs Sky Sox batting - Pitching for New Orleans Zephyrs : RHP Mike Powell
|
Batting: SHB Jamie Mims
|
0-0: Ground out U3 (Groundball, 3L, EV 102.5 MPH)
|
Batting: RHB Eduardo Camacho
|
0-0: Ball 1-0: Ball 2-0: Foul Ball, location: 2F 2-1: Swinging Strike 2-2: SOLO HOME RUN (Line Drive, 78XD, EV 106.2 MPH), Distance : 414 ft
|
Batting: RHB John Stevenson
|
0-0: Called Strike 0-1: Ball 1-1: Ball 2-1: Foul Ball, location: 2F 2-2: Ground out 5-3 (Groundball, 56, EV 88.1 MPH)
|
Batting: LHB Steve Gilliam
|
0-0: Ball 1-0: SINGLE (Flyball, 9LS, EV 100.0 MPH)
|
Batting: LHB Greg Valenzuela
|
0-0: Ball 1-0: Ball Steve Gilliam steals 2nd base (no throw) 2-0: Ball 3-0: Called Strike 3-1: 2-RUN HOME RUN (Flyball, 9LD, EV 92.5 MPH), Distance : 355 ft
|
Pitching: LHP Evan Baxter
|
|
Batting: SHB Bobby Santor
|
0-0: Called Strike 0-1: Ground out 3-1 (Groundball, 34, EV 106.9 MPH)
|
Bottom of the 4th over - 3 runs, 3 hits, 0 errors, 0 left on base; New Orleans 0 - Colorado Springs 6 |
TOP OF THE 5TH |
New Orleans Zephyrs batting - Pitching for Colorado Springs Sky Sox : LHP Marc Eismann
|
Batting: RHB Torquato Obawole
|
0-0: Called Strike 0-1: Ball 1-1: Called Strike 1-2: Ground out 4-3 (Groundball, 4, EV 86.9 MPH)
|
Batting: RHB Masumitsu Sugiura
|
0-0: Ball 1-0: Ground out 6-3 (Groundball, 6, EV 99.4 MPH)
|
Batting: LHB David Doge
|
0-0: Foul Ball, location: 2F 0-1: Ball 1-1: Ball 2-1: Ball 3-1: DOUBLE (Flyball, 9LM, EV 95.0 MPH)
|
Batting: RHB Rick Fell
|
0-0: Ball 1-0: Ball 2-0: Foul Ball, location: 2F 2-1: Ball 3-1: Base on Balls
|
Pitching: RHP Zach Sommer
|
|
Batting: RHB Manuel Taveras
|
0-0: Ball 1-0: Ball 2-0: Foul Ball, location: 2F 2-1: Ball 3-1: Base on Balls David Doge to third Rick Fell to second
|
Batting: RHB Adam McGurn
|
0-0: Called Strike 0-1: Ball 1-1: Ball 2-1: Called Strike 2-2: Foul Ball, location: 2F 2-2: Strikes out swinging
|
Top of the 5th over - 0 runs, 1 hit, 0 errors, 3 left on base; New Orleans 0 - Colorado Springs 6 |
BOTTOM OF THE 5TH |
Colorado Springs Sky Sox batting - Pitching for New Orleans Zephyrs : LHP Evan Baxter
|
Batting: LHB Michael Krott
|
0-0: Ground out 4-3 (Groundball, 4, EV 83.8 MPH)
|
Batting: RHB Kevin Tangeman
|
0-0: Foul Ball, location: 2F 0-1: Called Strike 0-2: Fly out, F9 (Flyball, 9, EV 92.5 MPH)
|
Batting: RHB Mike McElroy
|
0-0: DOUBLE (Flyball, 8LXD, EV 95.6 MPH)
|
Batting: SHB Jamie Mims
|
0-0: Ground out 5-3 (Groundball, 56, EV 76.9 MPH)
|
Bottom of the 5th over - 0 runs, 1 hit, 0 errors, 1 left on base; New Orleans 0 - Colorado Springs 6 |
TOP OF THE 6TH |
New Orleans Zephyrs batting - Pitching for Colorado Springs Sky Sox : RHP Zach Sommer
|
Batting: RHB Jack Power
|
0-0: Ball 1-0: Called Strike 1-1: Fly out, F8 (Flyball, 8LS, EV 84.4 MPH)
|
Batting: SHB Jordan Barragan
|
0-0: Ball 1-0: Ball 2-0: Called Strike 2-1: Foul Ball, location: 2F 2-2: Ball 3-2: Strikes out swinging
|
Batting: RHB Isaiah Brockman
|
0-0: Ball 1-0: Called Strike 1-1: Swinging Strike 1-2: Strikes out swinging
|
Top of the 6th over - 0 runs, 0 hits, 0 errors, 0 left on base; New Orleans 0 - Colorado Springs 6 |
BOTTOM OF THE 6TH |
Colorado Springs Sky Sox batting - Pitching for New Orleans Zephyrs : LHP Evan Baxter
|
Batting: RHB Eduardo Camacho
|
0-0: Called Strike 0-1: Swinging Strike 0-2: Strikes out swinging
|
Batting: RHB John Stevenson
|
0-0: Called Strike 0-1: Ball 1-1: Swinging Strike 1-2: Ball 2-2: Ball 3-2: Fly out, F9 (Flyball, 89D, EV 85.0 MPH)
|
Batting: LHB Steve Gilliam
|
0-0: Ball 1-0: Fly out, F7 (Line Drive, 78M, EV 84.4 MPH)
|
Bottom of the 6th over - 0 runs, 0 hits, 0 errors, 0 left on base; New Orleans 0 - Colorado Springs 6 |
TOP OF THE 7TH |
New Orleans Zephyrs batting - Pitching for Colorado Springs Sky Sox : RHP Zach Sommer
|
Batting: RHB Torquato Obawole
|
0-0: SINGLE (Line Drive, 8RS, EV 98.8 MPH)
|
Batting: RHB Masumitsu Sugiura
|
0-0: Called Strike 0-1: Ball 1-1: Fly out, F9 (Flyball, 89S, EV 78.1 MPH)
|
Batting: LHB David Doge
|
0-0: Called Strike 0-1: Swinging Strike 0-2: Foul Ball, location: 2F 0-2: Foul Ball, location: 2F 0-2: Ball Wild Pitch! Torquato Obawole to second 1-2: Foul Ball, location: 2F 1-2: Foul Ball, location: 2F 1-2: Ball 2-2: Fly out, F4 (Flyball, 34D, EV 91.2 MPH)
|
Batting: RHB Rick Fell
|
0-0: Ground out 3-1 (Groundball, 34, EV 90.0 MPH)
|
Top of the 7th over - 0 runs, 1 hit, 0 errors, 1 left on base; New Orleans 0 - Colorado Springs 6 |
BOTTOM OF THE 7TH |
Colorado Springs Sky Sox batting - Pitching for New Orleans Zephyrs : LHP Evan Baxter
|
Batting: LHB Greg Valenzuela
|
0-0: Called Strike 0-1: Ball 1-1: Foul Ball, location: 2F 1-2: Foul Ball, location: 2F 1-2: Ground out 4-3 (Groundball, 4, EV 105.0 MPH)
|
Batting: SHB Bobby Santor
|
0-0: Swinging Strike 0-1: Called Strike 0-2: SINGLE (Line Drive, 6D, EV 94.4 MPH)
|
Batting: LHB Michael Krott
|
0-0: Swinging Strike 0-1: Ball 1-1: Ball 2-1: Foul Ball, location: 2F 2-2: Strikes out swinging
|
Batting: RHB Kevin Tangeman
|
0-0: Fly out, F8 (Flyball, 8RD, EV 96.2 MPH)
|
Bottom of the 7th over - 0 runs, 1 hit, 0 errors, 1 left on base; New Orleans 0 - Colorado Springs 6 |
TOP OF THE 8TH |
New Orleans Zephyrs batting - Pitching for Colorado Springs Sky Sox : RHP Zach Sommer
|
Batting: RHB Manuel Taveras
|
0-0: Foul Ball, location: 2F 0-1: DOUBLE (Line Drive, 8RXD, EV 97.5 MPH)
|
Batting: RHB Adam McGurn
|
0-0: 2-RUN HOME RUN (Flyball, 7D, EV 96.2 MPH), Distance : 371 ft
|
Batting: RHB Jack Power
|
0-0: Ball 1-0: Called Strike 1-1: Ball 2-1: SINGLE (Groundball, 6MD, EV 101.9 MPH)
|
Pitching: LHP Bill Ogren
|
|
Batting: SHB Jordan Barragan
|
0-0: Ball 1-0: Foul Ball, location: 2F 1-1: Ball 2-1: Ball 3-1: Fly out, F7 (Flyball, 78M, EV 93.8 MPH)
|
Batting: RHB Isaiah Brockman
|
0-0: Ball 1-0: Foul Ball, location: 2F 1-1: Called Strike 1-2: Strikes out looking
|
Batting: RHB Torquato Obawole
|
0-0: Ball 1-0: SINGLE (Line Drive, 34, EV 103.1 MPH) Jack Power to second Runner from 2nd tries for 3rd, SAFE, throw by RF made to third
|
Batting: RHB Masumitsu Sugiura
|
0-0: Swinging Strike 0-1: Called Strike 0-2: Strikes out swinging
|
Top of the 8th over - 2 runs, 4 hits, 0 errors, 2 left on base; New Orleans 2 - Colorado Springs 6 |
BOTTOM OF THE 8TH |
Colorado Springs Sky Sox batting - Pitching for New Orleans Zephyrs : LHP Evan Baxter
|
Pitching: RHP Giampaolo Nobile
|
|
Batting: RHB Mike McElroy
|
0-0: Ground out U3 (Groundball, 3S, EV 82.5 MPH)
|
Batting: SHB Jamie Mims
|
0-0: Called Strike 0-1: Swinging Strike 0-2: Fly out, F7 (Flyball, 78S, EV 77.5 MPH)
|
Batting: RHB Eduardo Camacho
|
0-0: Fly out, F8 (Line Drive, 8LS, EV 93.1 MPH)
|
Bottom of the 8th over - 0 runs, 0 hits, 0 errors, 0 left on base; New Orleans 2 - Colorado Springs 6 |
TOP OF THE 9TH |
New Orleans Zephyrs batting - Pitching for Colorado Springs Sky Sox : LHP Bill Ogren
|
Batting: LHB David Doge
|
0-0: Called Strike 0-1: Swinging Strike 0-2: Ball 1-2: DOUBLE (Flyball, 78D, EV 94.4 MPH)
|
Batting: RHB Rick Fell
|
0-0: Swinging Strike 0-1: Foul Ball, location: 2F 0-2: Fly out, F9 (Flyball, 9D, EV 95.0 MPH) Runner from 2nd tags up, SAFE at 3rd, no throw by RF
|
Batting: RHB Manuel Taveras
|
0-0: Ball 1-0: Ball 2-0: Foul Ball, location: 2F 2-1: Called Strike 2-2: SINGLE (Groundball, 4MD, EV 109.4 MPH) (infield hit) David Doge scores
|
Pitching: RHP Jim Butler
|
|
Batting: RHB Adam McGurn
|
0-0: Ball 1-0: Swinging Strike 1-1: Called Strike 1-2: Strikes out swinging
|
Batting: RHB Jack Power
|
0-0: Ball 1-0: Called Strike 1-1: Called Strike 1-2: Ball 2-2: Fielders Choice at 2nd, 5-4 (Groundball, 56, EV 80.6 MPH)
|
Top of the 9th over - 1 run, 2 hits, 0 errors, 1 left on base; New Orleans 3 - Colorado Springs 6 |
|